 Dungeon Crawl Stone Soup version 0.22-a0-469-gf26638a (webtiles) character file.

179 DrEnzyme the Chucker (level 5, -1/36 HPs)
             Began as an Octopode Wanderer on June 12, 2018.
             Was an Initiate of Gozag.
             Shot with an arrow by a centaur (12 damage)
             ... on level 3 of the Dungeon.
             The game lasted 00:12:21 (3248 turns).

DrEnzyme the Chucker (Octopode Wanderer)            Turns: 3248, Time: 00:12:22

Health: -1/36      AC:  1    Str: 10    XL:     5   Next: 59%
Magic:  6/6        EV: 19    Int: 15    God:    Gozag
Gold:   70         SH:  0    Dex: 18    Spells: 5/6 levels left

rFire    . . .     SeeInvis .   a - +0 blowgun
rCold    + . .     Gourm    .   (no shield)
rNeg     . . .     Faith    .   (helmet restricted)
rPois    .         Spirit   .   (no amulet)
rElec    .         Reflect  .   c - ring of protection from cold
rCorr    .         Harm     .   (no ring)
MR       .....                  (no ring)
Stlth    ++++......             (no ring)
HPRegen  0.12/turn              (no ring)
MPRegen  0.10/turn              (no ring)
                                (no ring)
                                (no ring)

@: agile, gold aura, hasted, very quick
A: almost no armour, stealthy swim, amphibious, 8 rings, constrict 8, camouflage
1, gelatinous body 1
a: Potion Petition, Call Merchant, Bribe Branch, Renounce Religion


You were on level 3 of the Dungeon.
You worshipped Gozag.
Gozag was noncommittal.
You were not hungry.

You visited 1 branch of the dungeon, and saw 3 of its levels.

You collected 114 gold pieces.
You paid 44 gold pieces to Gozag.

Inventory:

Hand Weapons
 a - a +0 blowgun (weapon)
 l - a +0 dagger of venom
Missiles
 b - 13 poisoned needles (quivered)
 j - 108 stones
Jewellery
 c - a ring of protection from cold (left tentacle)
Scrolls
 e - a scroll of amnesia {unknown}
 g - 4 scrolls of identify
 h - a scroll of enchant weapon {unknown}
 i - a scroll of fog {unknown}
 m - a scroll of teleportation {unknown}
 o - a scroll of magic mapping {unknown}
Potions
 f - 3 potions of degeneration {unknown}
 k - a potion of magic {unknown}
 n - a potion of haste {unknown}
 p - a potion of curing
 q - 2 potions of invisibility {unknown}
Comestibles
 d - 7 rations


   Skills:
 + Level 3.2 Fighting
   Level 2.0 Long Blades
 + Level 3.3 Throwing
 + Level 2.8 Dodging
 + Level 2.0 Unarmed Combat
 - Level 1.0 Spellcasting
 - Level 2.0 Earth Magic


You had 5 spell levels left.
You knew the following spells:

 Your Spells              Type           Power        Failure   Level  Hunger
a - Sandblast             Erth           #.....       11%         1    ##.....

Your spell library contained the following spells:

 Spells                   Type           Power        Failure   Level  Hunger
 Stone Arrow              Conj/Erth      #.....       43%         3    ####...
 Passwall                 Tmut/Erth      #.......     24%         2    ###....
 Lee's Rapid Deconstruct  Erth           #.........   96%         5    ######.
 Petrify                  Tmut/Erth      #.......     85%         4    #####..


Dungeon Overview and Level Annotations

Branches:
Dungeon (3/15)

Altars:
Gozag
Ru
Xom


Innate Abilities, Weirdness & Mutations

You cannot wear most types of armour.
You are very stealthy in the water. (Stealth+)
You are amphibious.
You can wear up to eight rings at the same time.
You can use your tentacles to constrict eight enemies at once.
Your skin changes colour to match your surroundings (Stealth+).
Your rubbery body absorbs attacks. (AC +1, EV +1)


Message History

You feel much better.
You feel yourself speed up.
You feel agile all of a sudden.
You feel better.
The centaur shoots an arrow.
The arrow hits you!
A rat comes into view.
The centaur shoots an arrow.
The arrow completely misses you.
Firing (i - inventory. (/) - cycle)
b - 15 poisoned needles (quivered)
Press: ? - help, Shift-Dir - straight line, f/p - centaur
Aim: a centaur, wielding a shortbow (lightly wounded, poisoned)
You shoot a poisoned needle.
The poisoned needle closely misses the centaur.
Firing (i - inventory. (/) - cycle)
b - 14 poisoned needles (quivered)
Press: ? - help, Shift-Dir - straight line, f/p - centaur
Aim: a centaur, wielding a shortbow (lightly wounded, poisoned)
You shoot a poisoned needle.
The poisoned needle barely misses the centaur.
The centaur shoots an arrow.
The arrow hits you!
The rat is distracted by the nearby gold.
The centaur shoots an arrow.
The arrow hits you!
You die...
Your body crumbles into a pile of gold. r.. .. # .hh

#. # #c# #.# # #.#
.. # #$###### #.##
#$.#8_8# #..#
#..#...# #.#
#(.#...# #..
#(@##.############.
##.................
#.................
#.....#.......)..#
##....#..........#
#....#..........#
#....#..........#
#...............#
##..............#


You could see a centaur and a jackal.

Vanquished Creatures
  Jessica (D:3)
  4 gnolls (D:2)
  4 adders
  An ooze (D:1)
  2 worms (D:2)
  2 dart slugs (D:1)
  2 leopard geckos
  4 ball pythons
  3 giant cockroaches
  5 hobgoblins
  A jackal (D:3)
  A quokka (D:2)
  7 bats
  5 frilled lizards
  10 goblins
  9 kobolds
  6 rats
67 creatures vanquished.

Notes
Turn   | Place    | Note
-------+----------+-------------------------------------------
     0 | D:1      | DrEnzyme the Octopode Wanderer began the quest for the Orb.
     0 | D:1      | DrEnzyme set off with: 15 poisoned needles, a +0 blowgun, a ration
     0 | D:1      | Reached XP level 1. HP: 14/14 MP: 2/2
     2 | D:1      | Learned a level 1 spell: Sandblast
   148 | D:1      | Reached XP level 2. HP: 9/19 MP: 3/3
   734 | D:1      | Reached XP level 3. HP: 20/25 MP: 4/4
  1430 | D:2      | Reached skill level 1 in Unarmed Combat
  1524 | D:2      | Reached XP level 4. HP: 30/30 MP: 5/5
  1614 | D:2      | Found a sacrificial altar of Ru.
  2350 | D:2      | Reached XP level 5. HP: 21/36 MP: 6/6
  2675 | D:2      | Found a shimmering altar of Xom.
  3141 | D:3      | Noticed Jessica
  3158 | D:3      | Killed Jessica
  3179 | D:3      | Found an opulent altar of Gozag.
  3224 | D:3      | Became a worshipper of Gozag Ym Sagoz the Greedy
  3241 | D:3      | Noticed a centaur
  3248 | D:3      | Shot with an arrow by a centaur

Vault maps used:
D:1:      dpeg_arrival_rooms_with_view
D:2:      nicolae_overflow_hidden_temple, lemuel_coloured_pillars_altar
D:3:      grunt_gozag_breadcrumbs, uniq_jessica

Skill      XL: |  1  2  3  4  5 |
---------------+----------------+-----
Dodging        | 2 |  2.8
Unarmed Combat | 1 2 |  2.0
Throwing       | 3 |  3.3
Fighting       | 3 |  3.2
Long Blades    | |  2.0
Spellcasting   | |  1.0
Earth Magic    | |  2.0

Action                   |  1- 3 |  4- 6 || total
-------------------------+-------+-------++-------
Melee: Unarmed           |    26 |    56 ||    82
       Tentacles         |     9 |     6 ||    15
       Constrict         |     4 |    17 ||    21
       Dagger            |       |     3 ||     3
 Fire: Blowgun           |    60 |    56 ||   116
Throw: Stone             |       |     3 ||     3
Invok: Potion Petition   |       |     1 ||     1
  Use: Scroll            |     3 |       ||     3
 Stab: Sleeping          |       |     3 ||     3
  Eat: Chunk             |     2 |     5 ||     7
Armor: Skin              |       |     8 ||     8
Dodge: Dodged            |    23 |    63 ||    86

Table legend:
 A = Spawn XP
 B = Non-spawn XP
 C = Spawn XP percentage of total XP
 D = Spawn monster count
 E = Non-spawn monster count
 F = Spawn count percentage of total count
 G = Total turns spent on level
                    A         B        C        D         E        F      G
               +---------+---------+-------+---------+---------+-------+---------
         Total |       0 |     257 |   0.0 |       0 |      67 |   0.0 |  3248
               +---------+---------+-------+---------+---------+-------+---------
           D:1 |       0 |      42 |   0.0 |       0 |      23 |   0.0 |  1243
           D:2 |       0 |     156 |   0.0 |       0 |      37 |   0.0 |  1618
           D:3 |       0 |      59 |   0.0 |       0 |       7 |   0.0 |   387
               +---------+---------+-------+---------+---------+-------+---------
